 Dungeon Crawl Stone Soup version 0.30.0-5-g1a98f26d00 (webtiles) character file.

Game seed: 1117035419635921972

130 monsoonserge the Ruffian (level 5, -10/44 HPs)
             Began as a Naga Transmuter on May 10, 2023.
             Mangled by Crazy Yiuf
             ... wielding a +3 quarterstaff of chaos
              (11 damage)
             ... on level 2 of the Dungeon.
             The game lasted 00:07:32 (1599 turns).

monsoonserge the Ruffian (Naga Transmuter)          Turns: 1599, Time: 00:07:34

Health: -10/44     AC:  2    Str: 14    XL:     5   Next: 14%
Magic:  0/8        EV: 10    Int: 17    God:
Gold:   140        SH:  0    Dex: 12    Spells: 7/8 levels left

rFire   . . .        i - +3 hand axe of Plunder {spect, Int+4}
rCold   . . .        (no shield)
rNeg    . . .        a - +0 robe
rPois   +            (helmet currently unavailable)
rElec   .            (no cloak)
rCorr   .            (no gloves)
SInv    +            (no barding)
Will    .....        e - amulet of guardian spirit
Stlth   ++           (no ring)
HPRegen 0.27/turn    (no ring)
MPRegen 0.11/turn

%: guardian spirit
@: appendages, very slow
A: horns 2, AC +1, large, see invisible, deformed body, poison resistance,
slowness 2, spit poison 1, naga tail 1
a: Spit Poison, End Transformation


You were on level 2 of the Dungeon.
You had temporarily grown beastly horns.
You visited 1 branch of the dungeon, and saw 2 of its levels.

You collected 140 gold pieces.

Inventory:

Hand Weapons
 d - a +3 mace
 i - the +3 hand axe of Plunder (weapon) {spect, Int+4}
   (You found it on level 2 of the Dungeon)

   Int:       It affects your intelligence (+4).
Missiles
 g - 3 poisoned darts
 h - 35 stones
Armour
 a - a +0 robe (worn)
Magical Staves
 c - a staff of death
 f - a staff of air
Jewellery
 e - an amulet of guardian spirit (around neck)
Scrolls
 j - 2 scrolls of enchant armour {unknown}
 k - a scroll of magic mapping {unknown}
 l - 2 scrolls of enchant weapon {unknown}
 m - 3 scrolls of poison {unknown}
Potions
 b - a potion of heal wounds


   Skills:
 + Level 1.5 Fighting
 + Level 1.0(1.1) Axes
 + Level 0.7(1.0) Maces & Flails
 + Level 2.1 Dodging
 + Level 1.4 Stealth
 + Level 4.3 Unarmed Combat
 - Level 2.0 Spellcasting
 + Level 2.7 Transmutations


You had 7 spell levels left.
You knew the following spells:

 Your Spells              Type           Power      Damage    Failure   Level
a - Beastly Appendage     Tmut           22%        N/A       6%          1

Your spell library contained the following spells:

 Spells                   Type           Power      Damage    Failure   Level
 Wereblood                Tmut           11%        N/A       10%         2
 Spider Form              Tmut/Pois      6%         N/A       32%         3
 Ice Form                 Ice/Tmut       6%         N/A       73%         4


Dungeon Overview and Level Annotations

Branches:
Dungeon (2/15)

Altars:
Ashenzari

Shops:
D:1 *

Annotations:
D:2 Crazy Yiuf


Innate Abilities, Weirdness & Mutations

You have temporarily grown beastly horns.
Your serpentine skin is tough. (AC +1)
You have supernaturally acute eyesight. (SInv)
Armour fits poorly on your strangely shaped body.
Your system is resistant to poisons. (rPois)
You cover ground very slowly.
You can spit poison.
You have a snake-like lower body.


Message History

You now have 140 gold pieces (gained 13).
There are no items here.
You see here a +1 short sword of protection.
You see here a +0 hammer.
You see here a +0 hammer.
You see here a +0 hammer.
You see here a +0 hammer.
You see here a +0 hammer.
You see here a +0 hammer.
Crazy Yiuf says, "Defame tired bush!"
You see here a +0 hammer.
Could not explore, unopened runed door.
Casting: Beastly Appendage (safe; 6% risk of failure)
Confirm with . or Enter, or press ? or * to list all spells.
You grow a pair of large bovine horns.
You open the door. You slash Crazy Yiuf! You headbutt Crazy Yiuf!
Crazy Yiuf is almost dead.
Crazy Yiuf hits you with a +3 quarterstaff of chaos!
You resist with some effort.
Crazy Yiuf drinks a potion.
Crazy Yiuf is healed!
You hit Crazy Yiuf.
You headbutt Crazy Yiuf, but do no damage.
Crazy Yiuf is lightly wounded.
Crazy Yiuf screams, "Seed action sow!"
Crazy Yiuf hits you with a +3 quarterstaff of chaos!
You hit Crazy Yiuf.
Crazy Yiuf is heavily wounded.
Crazy Yiuf hits you with a +3 quarterstaff of chaos!!
* * * LOW HITPOINT WARNING * * *
You closely miss Crazy Yiuf. You headbutt Crazy Yiuf!
Crazy Yiuf is severely wounded.
Crazy Yiuf yells, "Snoogle!"
Crazy Yiuf misses you.
You completely miss Crazy Yiuf. You headbutt Crazy Yiuf.
Crazy Yiuf is almost dead.
Crazy Yiuf hits you with a +3 quarterstaff of chaos!
* * * LOW HITPOINT WARNING * * *
Crazy Yiuf says, "Goldfish agre green!"
Crazy Yiuf hits you with a +3 quarterstaff of chaos!
You die...

###........###.# ######
...........# ### #
###........# # #........#
##### ### # #####...##
#).)# #.# # #...# #)))#
#.# #### #...# ))) #.####
#... #...## #g# #....#
#... ###..# ♣@♣♣ ####.##
#... #..# ♣♣)♣ #..# ###.
#..# ♣)♣♣ ##.## #.. #..#
♣♣)♣ #..###.# #..# ♣♣)♣♣
##.>.... #..# ♣♣..)♣
####### #########..#
♣...)♣ ##### ...........#
#..).# #### #....
#########.)#####..####..#
#.###


You could see Crazy Yiuf.

Vanquished Creatures
  A scorpion (D:2)
  3 adders (D:2)
  4 worms (D:2)
  5 ball pythons
  4 bats
  4 endoplasms
  2 giant cockroaches (D:2)
  A goblin (D:1)
  4 hobgoblins
  4 kobolds
  3 quokkas
  A frilled lizard (D:2)
36 creatures vanquished.

Notes
Turn   | Place    | Note
-------+----------+-------------------------------------------
     0 | D:1      | monsoonserge the Naga Transmuter began the quest for the
                  | Orb.
     0 | D:1      | Reached XP level 1. HP: 18/18 MP: 3/3
   190 | D:1      | Reached XP level 2. HP: 21/25 MP: 1/5
   372 | D:1      | Found Dafreq's Assorted Antiques.
   613 | D:2      | Identified the +3 hand axe of Plunder {spect, Int+4}
   636 | D:2      | Reached XP level 3. HP: 31/31 MP: 4/6
   966 | D:2      | Noticed a scorpion
   971 | D:2      | Killed a scorpion
   972 | D:2      | Reached skill level 1 in Stealth
   972 | D:2      | Reached skill level 4 in Unarmed Combat
   972 | D:2      | Reached XP level 4. HP: 37/38 MP: 5/7
  1112 | D:2      | Found a broken altar of Ashenzari.
  1134 | D:2      | Reached XP level 5. HP: 44/44 MP: 8/8
  1303 | D:2      | Found a runed translucent door.
  1304 | D:2      | Noticed Crazy Yiuf
  1463 | D:2      | Reached skill level 1 in Axes
  1599 | D:2      | HP: 1/44 [Crazy Yiuf/+3 quarterstaff of chaos (10)]
  1599 | D:2      | Mangled by Crazy Yiuf

Illustrated notes

Levels and vault maps discovered:
D:1:      minmay_arrival_open_corners, layout_basic, serial_shops,
          nicolae_shop_dealshenge
D:2:      layout_basic, basic_altar, uniq_crazy_yiuf_cottage

Skill      XL: |  1  2  3  4  5 |
---------------+----------------+-----
Dodging        | 2 |  2.1
Stealth        | 1 |  1.4
Unarmed Combat | 4 |  4.3
Axes           | 1 |  1.0
Fighting       | |  1.5
Maces & Flails | |  0.7
Spellcasting   | |  2.0
Transmutations | |  2.7

Action                     |  1- 3 |  4- 6 || total
---------------------------+-------+-------++-------
  Melee: Unarmed           |     7 |       ||     7
         Mace              |    10 |       ||    10
         Hand axe          |    22 |    21 ||    43
         Headbutt          |       |     4 ||     4
   Cast: Beastly Appendage |     5 |     1 ||     6
Ability: Spit Poison       |    17 |     6 ||    23
    Use: Potion            |     1 |       ||     1
   Stab: Sleeping          |     1 |       ||     1
 Armour: Robe              |     1 |     3 ||     4
  Dodge: Dodged            |     8 |     7 ||    15
